AoeStats
← Flip

Pilgrims

507675606Analyzed
4v4 RM · 11d ago on Sep 19, 2026· 30m 35s· 8 players
Game mode
Random Map
Map size
Large (8 player)
Population
200
Speed
Normal
Resources
Standard
Victory
Conquest
Starting age
Dark Age
Ending age
Imperial Age
RankedLock teamsTeams togetherTeam positionsShared explorationLock speedFull tech treeHidden civsTurbo modeCheats
Victory
Defeat
🇬🇧 Malay · United Kingdom
923
+15
🇫🇮 Britons · Finland
891
+17
🇹🇷 Britons · Türkiye
870
+17
🇬🇧 Bulgarians · United Kingdom
818
+21
960
-20
🇭🇰 Franks · Hong Kong SAR China
920
-18
🇹🇼 Italians · Taiwan
909
-18
🇦🇺 Slavs · Australia
822
-14
hattivatti266
5:30 Loom
13:25 Feudal Age
11:49 Loom
13:26 Man-at-Arms
14:49 Fishing Lines
19:56 Castle Age
18:55 Scale Mail Armor
22:57 Double-Bit Axe
32:34 Imperial Age
ISpillTheCoffee
4:56 Loom
11:53 Feudal Age
14:51 Arson
20:30 Forging
20:21 Scale Mail Armor
22:02 Fishing Lines
27:25 Castle Age
27:19 Town Watch
28:10 Wheelbarrow
27:31 Gold Mining
28:01 Bloodlines
28:01 Scale Barding Armor
yuziba
4:27 Loom
10:28 Feudal Age
10:51 Horse Collar
10:58 Double-Bit Axe
12:00 Man-at-Arms
13:45 Wheelbarrow
20:04 Gold Mining
20:20 Scale Mail Armor
20:31 Forging
23:15 Stone Mining
26:43 Castle Age
30:54 Hand Cart
bangoboom
14:46 Feudal Age
14:25 Fishing Lines
14:39 Double-Bit Axe
19:25 Castle Age
17:56 Stone Mining
17:57 Gold Mining
19:14 Gillnets
19:38 Bow Saw
21:05 Husbandry
20:26 Light Cavalry
28:18 Forging
28:14 Scale Barding Armor
31:20 Gold Shaft Mining
31:20 Stone Shaft Mining
s520s
5:57 Loom
15:13 Feudal Age
25:28 Castle Age
25:20 Double-Bit Axe
29:36 Castle Age
29:11 Bloodlines
29:57 Wheelbarrow
ナンゴン ウェニア
5:40 Loom
12:49 Feudal Age
13:55 Double-Bit Axe
14:30 Town Watch
17:50 Scale Barding Armor
20:05 Castle Age
19:05 Bloodlines
19:14 Bloodlines
19:16 Forging
18:57 Fletching
24:06 Bow Saw
24:56 Gold Mining
25:08 Fishing Lines
26:04 Wheelbarrow
25:58 Stone Mining
27:57 Stone Shaft Mining
27:16 Gillnets
27:31 Bodkin Arrow
30:41 Redemption
聖君阿耀
Flip
Connection lost

Rejoining the realm…

Still unreachable

The connection could not be restored.

Session expired

The server has moved on; the page needs a fresh start.